 Dungeon Crawl Stone Soup version 0.21.1-1-g345015f (webtiles) character file.

16 tidbits the Insei (level 2, -1/23 HPs)
             Began as a Gnoll Transmuter on Mar 21, 2018.
             Slain by a kobold
             ... wielding a +2 whip of electrocution
              (3 damage)
             ... on level 1 of the Dungeon.
             The game lasted 00:01:38 (165 turns).

tidbits the Insei (Gnoll Transmuter)                 Turns: 165, Time: 00:01:39

Health: -1/23      AC:  2    Str: 12    XL:     2   Next: 58%
Magic:  6/7        EV: 14    Int: 15    God:
Gold:   36         SH:  0    Dex: 15    Spells: 7/10 levels left

rFire    . . .     SeeInvis .     - Unarmed
rCold    . . .     Gourm    .   (no shield)
rNeg     . . .     Faith    .   b - +0 robe
rPois    .         Spirit   .   (no helmet)
rElec    .         Reflect  .   (no cloak)
rCorr    .         Harm     .   (no gloves)
MR       .....                  (no boots)
Stlth    ++........             (no amulet)
HPRegen  0.07/turn              (no ring)
MPRegen  0.10/turn              (no ring)

@: appendage
A: distributed training, fangs 1, horns 2, strong nose
a: End Transformation


You were on level 1 of the Dungeon.
You were not hungry.
You had grown temporary horns.
You visited 1 branch of the dungeon, and saw 3 of its levels.

You collected 36 gold pieces.

Inventory:

Hand Weapons
 e - a +0 short sword
Missiles
 a - 11 arrows
Armour
 b - a +0 robe (worn)
Scrolls
 f - a scroll of magic mapping {unknown}
Potions
 g - a potion of haste {unknown}
Books
 c - a book of Changes

   Spells                             Type                      Level
   a - Beastly Appendage              Transmutation                1
   b - Sticks to Snakes               Transmutation                2
   c - Spider Form                    Transmutation/Poison         3
   d - Ice Form                       Ice/Transmutation            4
   e - Blade Hands                    Transmutation                5
Comestibles
 d - 2 rations


   Skills:
 + Level 2.5 Fighting
 + Level 0.4 Short Blades
 + Level 0.4 Long Blades
 + Level 0.4 Axes
 + Level 0.4 Maces & Flails
 + Level 0.4 Polearms
 + Level 0.4 Staves
 + Level 0.4 Slings
 + Level 0.4 Bows
 + Level 0.4 Crossbows
 + Level 0.4 Throwing
 + Level 0.4 Armour
 + Level 4.5 Dodging
 + Level 0.4 Stealth
 + Level 0.4 Shields
 + Level 6.5 Unarmed Combat
 + Level 4.9 Spellcasting
 + Level 0.2 Conjurations
 + Level 0.2 Hexes
 + Level 0.2 Charms
 + Level 0.2 Summonings
 + Level 0.2 Necromancy
 + Level 0.2 Translocations
 + Level 3.7 Transmutations
 + Level 0.2 Fire Magic
 + Level 0.2 Ice Magic
 + Level 0.2 Air Magic
 + Level 0.2 Earth Magic
 + Level 0.2 Poison Magic
 + Level 0.5 Invocations
 + Level 0.4 Evocations


You had 7 spell levels left.
You knew the following spells:

 Your Spells              Type           Power        Failure   Level  Hunger
e - Beastly Appendage     Tmut           ##....       3%          1    None
k - Sticks to Snakes      Tmut           ##......     5%          2    ##.....


Dungeon Overview and Level Annotations

Branches:
Dungeon (3/15)

Altars:


Innate Abilities, Weirdness & Mutations

Your experience applies equally to all skills.
You have very sharp teeth.
Your uncanny sense of smell can sniff out nearby items.
You have a pair of horns on your head.


Message History

There is a stone staircase leading down here.
Casting: Beastly Appendage
Confirm with . or Enter, or press ? or * to list all spells.
You create a snake!
You now have 11 arrows.
The goblin barely misses you. The hobgoblin misses you.
You punch the goblin!
You kill the goblin!
The hobgoblin misses you.
A kobold comes into view. It is wielding a whip.
The kobold shouts!
You punch the hobgoblin!
You kill the hobgoblin!
The kobold throws a stone.
The stone barely misses you.
There is a stone staircase leading down here.
The kobold throws a stone.
The stone closely misses your ball python.
The stone completely misses you.
Things that are here:
a stone; a goblin corpse Your transformation is almost over.
Found a scroll labeled IFUSET ZA CAURO.
Unknown command.
You see here a scroll labeled IFUSET ZA CAURO.
f - a scroll labeled IFUSET ZA CAURO Your horns disappear.
Casting: Sticks to Snakes
Confirm with . or Enter, or press ? or * to list all spells.
You grow a pair of large bovine horns.
The quokka bites your ball python.
Your ball python barely misses the quokka.
Your ball python closely misses the quokka.
The quokka bites your ball python.
Your ball python dies!
The quokka completely misses you.
You barely miss the kobold. The quokka bites you.
The kobold hits you with a whip.
* * * LOW HITPOINT WARNING * * *
You hit the kobold but do no damage. The quokka closely misses you.
The kobold completely misses you.
A frilled lizard comes into view.
The frilled lizard hisses angrily.
You hit the kobold.
You kill the kobold!
The quokka bites you.
* * * LOW HITPOINT WARNING * * *
The quokka misses you.
You see here a whip.
You hit the quokka. You bite the quokka.
The quokka is severely wounded.
The quokka barely misses you.
You barely miss the quokka. Your bite misses the quokka.
The quokka is severely wounded.
The quokka closely misses you.
You punch the quokka!
You kill the quokka!
You miss the frilled lizard. The frilled lizard bites you.
* * * LOW HITPOINT WARNING * * *
You hit the frilled lizard.
You kill the frilled lizard!
Your transformation is almost over.
Your horns disappear.
Found 15 gold pieces.
You see here 15 gold pieces.
You now have 36 gold pieces (gained 15).
Found a stone staircase leading up.
A dart slug comes into view.
A hobgoblin comes into view. It is wielding a club.
Casting: Beastly Appendage
Confirm with . or Enter, or press ? or * to list all spells.
You grow a pair of large bovine horns.
The hobgoblin shouts!
You closely miss the hobgoblin.
The hobgoblin hits you but does no damage.
You closely miss the hobgoblin. The hobgoblin barely misses you.
You punch the hobgoblin!
You kill the hobgoblin!
The dart slug bites you.
* * * LOW HITPOINT WARNING * * *
You see here a club.
You punch the dart slug!
You kill the dart slug!
You see here a dart slug corpse.
Your transformation is almost over.
Found a sedimented inky potion and 11 gold pieces.
You see here a sedimented inky potion.
g - a sedimented inky potion
There is a stone staircase leading up here.
Your horns disappear.
You climb upwards.
A kobold comes into view. It is wielding a whip of electrocution.
The kobold shouts!
A bat comes into view.
There is a stone staircase leading down here.
Casting: Beastly Appendage
Confirm with . or Enter, or press ? or * to list all spells.
You grow a pair of large bovine horns.
The kobold hits you with a whip of electrocution!
* * * LOW HITPOINT WARNING * * *
You barely miss the kobold.
The kobold hits you with a whip of electrocution.
You die...

#........#
#...........
#........###
#..>.......
#........###
#.###.####
#.# #.# #.
#.# #@# ###K#
#..b#
#............
#.......#.###
..........#
..........#
####....###
#..... ∆∆


You could see a bat and a kobold.

Vanquished Creatures
  A dart slug (D:2)
  A leopard gecko (D:3)
  A ball python (D:1)
  A bat (D:1)
  3 hobgoblins
  A quokka (D:2)
  2 frilled lizards
  A goblin (D:2)
  A kobold (D:2)
  A rat (D:1)
13 creatures vanquished.

Notes
Turn   | Place    | Note
-------+----------+-------------------------------------------
     0 | D:1      | tidbits the Gnoll Transmuter began the quest for the Orb.
     0 | D:1      | Reached XP level 1. HP: 17/17 MP: 6/6
    77 | D:3      | Reached XP level 2. HP: 13/23 MP: 5/7
    81 | D:3      | Learned a level 2 spell: Sticks to Snakes
   164 | D:1      | HP: 2/23 [kobold/whip of electrocution (7)]
   165 | D:1      | Slain by a kobold

Action                   || total
-------------------------++-------
Melee: Unarmed           ||    28
       Kick              ||     2
       Headbutt          ||     2
       Bite              ||     1
 Cast: Beastly Appendage ||     6
       Sticks to Snakes  ||     1
Armor: Robe              ||     3
Dodge: Dodged            ||    19

Table legend:
 A = Turns spent in this place as a percentage of turns spent in the entire game.
 B = Non-inter-level travel turns spent in this place as a percentage of non-inter-level travel turns spent in the entire game.
 C = Inter-level travel turns spent in this place as a percentage of turns spent in this place.
 D = Turns resting spent in this place as a percentage of non-inter-level travel turns spent in this place.
 E = Turns spent auto-exploring this place as a percentage of non-inter-level travel turns spent in this place.
 F = Non-inter-level travel turns spent in this place divided by the number of levels of this place that you've seen.
                   A       B       C       D       E      F
               +-------+-------+-------+-------+-------+----------------------
         Total | 100.0 | 100.0 |   0.0 |   0.0 |   0.0 |  55.0
       Dungeon | 100.0 | 100.0 |   0.0 |   0.0 |   0.0 |  55.0
               +-------+-------+-------+-------+-------+----------------------

Table legend:
 A = Kills in this place as a percentage of kills in entire the game.
 B = Kills by you in this place as a percentage of kills by you in the entire game.
 C = Kills by friends in this place as a percentage of kills by friends in the entire game.
 D = Other kills in this place as a percentage of other kills in the entire game.
 E = Experience gained in this place as a percentage of experience gained in the entire game.
 F = Experience gained in this place divided by the number of levels of this place that you have seen.
                   A       B       C       D       E      F
               +-------+-------+-------+-------+-------+----------------------
         Total | 100.0 | 100.0 |   N/A |   N/A | 100.0 |   8.0
       Dungeon | 100.0 | 100.0 |   N/A |   N/A | 100.0 |   8.0
               +-------+-------+-------+-------+-------+----------------------

Vault maps used:
D:1:      scummos_arrival_hexagon
D:2:      chequers_ecumenical_altar_grove, uniq_jessica
D:3:      yredelemnul_forgotten_temple_becter, cheibriados_altar_1
